 Dungeon Crawl Stone Soup version 0.29.0-4-gdea44cf6ec (webtiles) character file.

Game seed: 969498115805228115

11943 qw the Severer (level 11, -1/97 HPs)
             Began as a Minotaur Fighter on Sept 8, 2022.
             Was a Priest of Ru.
             Slain by an eight-headed hydra (9 damage)
             ... on level 1 of the Lair of Beasts.
             The game lasted 00:08:05 (19587 turns).

qw the Severer (Minotaur Fighter)                  Turns: 19587, Time: 00:08:06

Health: -1/97      AC: 24    Str: 26    XL:     11   Next: 55%
Magic:  0/10       EV:  7    Int:  5    God:    Ru [***...]
Gold:   195        SH:  4    Dex:  9    Spells: 10/10 levels left

rFire   + . .      SeeInvis .   h - +0 flail (protect)
rCold   + . .      Faith    .   c - +0 buckler
rNeg    . . .      Spirit   +   n - +0 plate armour
rPois   +          Reflect  .   (helmet restricted)
rElec   .          Harm     .   x - scarf {rC+ rF+}
rCorr   .          Rampage  .   w - +1 pair of gloves
Will    .....                   e - +0 pair of boots
Stlth   ..........              y - amulet of guardian spirit
HPRegen 0.26/turn               t - ring of poison resistance
MPRegen 0.12/turn               a - +4 ring of slaying {mikee}

@: about to teleport, under a protective aura
A: horns 2, inability to use devices, unskilled 1, retaliatory headbutt
a: Renounce Religion, Draw Out Power


You were on level 1 of the Lair of Beasts.
You worshipped Ru.
Ru was most pleased with you.
You visited 3 branches of the dungeon, and saw 12 of its levels.
You visited the Abyss 1 time.

You collected 549 gold pieces.
You spent 354 gold pieces at shops.


Innate Abilities, Weirdness & Mutations

You have a pair of horns on your head.
You cannot study or use magical devices.
You are somewhat unskilled. (-1 Apt)
You reflexively headbutt those who attack you in melee.


   Skills:
 - Level 9.1 Fighting
 - Level 16.0 Axes
 - Level 1.9 Throwing
 - Level 8.1 Armour
 - Level 2.0 Dodging
 + Level 5.1 Shields


You had 10 spell levels left.
You didn't know any spells.
Your spell library was empty.

Inventory:

Hand Weapons
 h - a +0 flail of protection (weapon)
 Y - a +2 war axe of chaos
Missiles
 b - 5 boomerangs (quivered)
Armour
 c - a +0 buckler (worn)
 e - a +0 pair of boots (worn)
 n - a +0 plate armour (worn)
 w - a +1 pair of gloves (worn)
 x - a scarf of resistance (worn)
Jewellery
 a - a +4 ring of slaying (right hand) {mikee}
 f - a ring of protection from fire
 p - a ring of fire
 q - a +6 ring of strength
 t - a ring of poison resistance (left hand)
 y - an amulet of guardian spirit (around neck)
Scrolls
 j - 4 scrolls of identify
 m - 6 scrolls of teleportation
Potions
 d - 3 potions of might
 g - 7 potions of curing
 i - 3 potions of haste
 k - 2 potions of cancellation
 l - 2 potions of heal wounds
 o - a potion of resistance

Dungeon Overview and Level Annotations

Branches:
Dungeon (10/15)            Temple (1/1) D:4            Lair (1/5) D:10
    Orc: D:9-12

Altars:
Ashenzari
Cheibriados
Dithmenos
Elyvilon
Fedhas
Gozag
Hepliaklqana
Kikubaaqudgha
Makhleb
Nemelex Xobeh
Okawaru
Qazlal
Ru
Sif Muna
Trog
Uskayaw
Vehumet
Wu Jian
Xom
Yredelemnul
Zin
The Shining One

Shops:
D:3 *   D:9 [

Portals:
Abyss: D:7

Annotations:
D:3 3 runed translucent doors, qw's ghost, amateur GrFi; qw's ghost, amateur MiBe; qw's ghost, amateur OgEn; qw's ghost, weakling MiBe
D:7 2 transporters, qw's ghost, novice GrBe
D:10 4 transporters
Lair:1 Urug


Message History

The bullfrog hits you but does no damage.
The bullfrog hits you.
You bludgeon the bullfrog!!
You kill the bullfrog!
You bludgeon the eight-headed hydra!!
The eight-headed hydra is moderately wounded.
You bludgeon the eight-headed hydra!!
You headbutt the eight-headed hydra, but do no damage.
The eight-headed hydra is heavily wounded.
The eight-headed hydra bites you but does no damage. x2
You block the eight-headed hydra's attack.
The eight-headed hydra bites you but does no damage.
The eight-headed hydra barely misses you.
The eight-headed hydra bites you but does no damage. x3
You sock the eight-headed hydra!
The eight-headed hydra is severely wounded.
You block the eight-headed hydra's attack.
The eight-headed hydra bites you.
The eight-headed hydra barely misses you.
The eight-headed hydra bites you but does no damage. x3
You block the eight-headed hydra's attack.
The eight-headed hydra bites you.
A yak comes into view.
You hit the eight-headed hydra.
The eight-headed hydra is severely wounded.
The eight-headed hydra bites you but does no damage. x2
The eight-headed hydra closely misses you.
The eight-headed hydra bites you.
The eight-headed hydra bites you but does no damage. x3
You block the eight-headed hydra's attack.
19587 ||| READING 7 scrolls of teleportation.
As you read the scroll of teleportation, it crumbles to dust.
You feel strangely unstable.
You block the eight-headed hydra's attack.
The eight-headed hydra bites you but does no damage.
The eight-headed hydra barely misses you.
The eight-headed hydra bites you!
The eight-headed hydra bites you but does no damage.
The eight-headed hydra bites you! x2
You die...

#### ####### #
####P.######.##.@#########.#
.................DhF........
.##.##....#+.#..+#hS.......
.....#............oF....##
.....#............o...###
.....#....#......#....#
.....#....+......+.%%.#
..........#......#....#
....%#...........#..%.#


You could see an eight-headed hydra, Urug, a cane toad, a water moccasin, 2
wolves and a bullfrog.

Vanquished Creatures
  Erolcha (D:10)
  A hydra (D:9)
  A two-headed ogre (D:10)
  2 black mambas (Lair:1)
  A cane toad (Lair:1)
  A kobold demonologist (D:9)
  2 komodo dragons (Lair:1)
  2 trolls (D:10)
  A polar bear (Lair:1)
  5 blink frogs (Lair:1)
  2 hornets
  Sigmund (D:2)
  A wyvern (D:10)
  3 yaks (Lair:1)
  A basilisk (Lair:1)
  A steam dragon (D:7)
  An acid dragon (D:10)
  4 water moccasins (Lair:1)
  6 orc warriors
  2 sky beasts
  8 wolves
  2 centaurs
  A kobold brigand (D:10)
  3 phantoms
  10 bullfrogs
  2 necrophages
  Blork the orc (D:6)
  A gnoll sergeant (D:9)
  A scorpion (D:6)
  5 wights (D:8)
  4 killer bees (D:10)
  3 electric eels (D:10)
  2 howler monkeys (D:10)
  12 orc priests
  9 hounds
  A gnoll bouda (D:10)
  Jessica (D:2)
  3 iguanas
  11 orc wizards
  Robin (D:2)
  20 gnolls
  13 adders
  2 shadow imps
  A white imp (D:5)
  A dart slug (D:5)
  3 worms
  41 orcs
  15 ball pythons
  4 bats
  8 endoplasms
  2 giant cockroaches
  15 goblins
  8 hobgoblins
  A jackal (D:4)
  13 kobolds
  4 quokkas
  5 frilled lizards
  7 rats
283 creatures vanquished.

Vanquished Creatures (collateral kills)
  A scorpion (D:4)
  A hound (D:4)
  A worm (D:4)
3 creatures vanquished.

Vanquished Creatures (others)
  A centaur (D:9)
  8 fungi
  7 plants
16 creatures vanquished.

Grand Total: 302 creatures vanquished

Notes
Turn   | Place    | Note
-------+----------+-------------------------------------------
     0 | D:1      | qw the Minotaur Fighter began the quest for the Orb.
     0 | D:1      | Reached XP level 1. HP: 19/19 MP: 0/0
     0 | D:1      | 0 ||| qw: Version: 0.1-a-112-g44dc6cd
     0 | D:1      | 0 ||| qw: Game counter: 6749
     0 | D:1      | 0 ||| qw: Always use a shield: true
     0 | D:1      | 0 ||| qw: God list: Ru
     0 | D:1      | 0 ||| qw: Allow faded altars: false
     0 | D:1      | 0 ||| qw: Do Orc after D:15 true
     0 | D:1      | 0 ||| qw: Do second Lair branch before Depths: true
     0 | D:1      | 0 ||| qw: Lair rune preference: random
     0 | D:1      | 0 ||| qw: Plans: Normal
     0 | D:1      | 0 ||| PLANNING D:1-11
    83 | D:1      | 83 ||| DROPPING +0 club.
   174 | D:1      | Reached skill level 3 in Axes
   175 | D:1      | Reached XP level 2. HP: 24/26 MP: 1/1
   205 | D:1      | 205 ||| Stepping ~*~*~tactically~*~*~ (stealth).
   206 | D:1      | 206 ||| Stepping ~*~*~tactically~*~*~ (stealth).
   221 | D:1      | 221 ||| Stepping ~*~*~tactically~*~*~ (stealth).
   311 | D:1      | 311 ||| Stepping ~*~*~tactically~*~*~ (stealth).
   781 | D:1      | 781 ||| UPGRADING to +0 pair of boots.
   786 | D:1      | 786 ||| UPGRADING to ring of protection from fire.
   787 | D:1      | 787 ||| READING scroll labelled DYASHA WOST.
   788 | D:1      | 788 ||| READING scroll labelled RUMOICK GICH.
   789 | D:1      | 789 ||| READING scroll labelled VEL HEUTHREXASY.
   986 | D:2      | 986 ||| Stepping ~*~*~tactically~*~*~ (stealth).
   995 | D:2      | Reached skill level 4 in Axes
  1121 | D:2      | Noticed Robin
  1122 | D:2      | 1122 ||| Stepping ~*~*~tactically~*~*~ (hiding).
  1152 | D:2      | Reached XP level 3. HP: 30/31 MP: 2/2
  1163 | D:2      | Killed Robin
  1174 | D:2      | 1174 ||| FLEEEEING.
  1175 | D:2      | 1175 ||| FLEEEEING.
  1176 | D:2      | 1176 ||| FLEEEEING.
  1177 | D:2      | 1177 ||| FLEEEEING.
  1178 | D:2      | 1178 ||| FLEEEEING.
  1179 | D:2      | 1179 ||| FLEEEEING.
  1185 | D:2      | 1185 ||| FLEEEEING.
  1186 | D:2      | 1186 ||| FLEEEEING.
  1187 | D:2      | 1187 ||| FLEEEEING.
  1188 | D:2      | 1188 ||| FLEEEEING.
  1194 | D:2      | 1194 ||| STAIRDANCE
  1256 | D:1      | 1256 ||| READING scroll labelled GABAUREPLO.
  1367 | D:2      | Noticed Jessica
  1368 | D:2      | 1368 ||| Stepping ~*~*~tactically~*~*~ (stealth).
  1374 | D:2      | Reached skill level 5 in Axes
  1385 | D:2      | Killed Jessica
  1386 | D:2      | Reached skill level 1 in Dodging
  1386 | D:2      | Reached XP level 4. HP: 29/39 MP: 3/3
  1473 | D:2      | Noticed Sigmund
  1481 | D:2      | Killed Sigmund
  1482 | D:2      | Reached skill level 7 in Axes
  1482 | D:2      | Reached XP level 5. HP: 38/45 MP: 4/4
  1530 | D:2      | 1530 ||| Stepping ~*~*~tactically~*~*~ (stealth).
  1662 | D:2      | 1662 ||| Stepping ~*~*~tactically~*~*~ (stealth).
  1663 | D:2      | 1663 ||| Stepping ~*~*~tactically~*~*~ (stealth).
  1836 | D:2      | Reached XP level 6. HP: 46/52 MP: 5/5
  1952 | D:2      | 1952 ||| UPGRADING to +0 plate armour.
  1962 | D:2      | 1962 ||| DROPPING +0 scale mail.
  1963 | D:2      | 1963 ||| READING scroll labelled PIUNID YPSA.
  1964 | D:2      | 1964 ||| READING scroll labelled YCETSU CIJINAF.
  1965 | D:2      | 1965 ||| READING scroll labelled IRARIAGALI.
  1966 | D:2      | 1966 ||| READING scroll labelled WULEJA TOTREDD.
  1967 | D:2      | 1967 ||| DRINKING 2 dark potions.
  1968 | D:2      | 1968 ||| Stepping randomly (stuck).
  1969 | D:2      | 1969 ||| Stepping ~*~*~tactically~*~*~ (cloud).
  2413 | D:3      | Found a faded altar of an unknown god.
  2437 | D:3      | Found Zoibeih's Assorted Antiques.
  2444 | D:3      | 2444 ||| SHOPLISTING 2 potions of cancellation (336 gold,
                  | have 126).
  2444 | D:3      | 2444 ||| SHOPLISTING glowing plate armour (546 gold, have
                  | 126).
  2444 | D:3      | 2444 ||| SHOPLISTING shiny plate armour (546 gold, have
                  | 126).
  2444 | D:3      | 2444 ||| BUYING smoky yellow potion (18 gold).
  2444 | D:3      | Bought a smoky yellow potion for 18 gold pieces
  2444 | D:3      | 2444 ||| BUYING twisted copper ring (105 gold).
  2444 | D:3      | Bought a twisted copper ring for 105 gold pieces
  2697 | D:3      | Found a broken altar of Ashenzari.
  2788 | D:3      | Found a runed translucent gate.
  2788 | D:3      | Found a runed translucent gate.
  2788 | D:3      | Found a runed translucent gate.
  2789 | D:3      | Noticed qw's ghost (amateur OgEn)
  2789 | D:3      | Noticed qw's ghost (amateur MiBe)
  2790 | D:3      | Noticed qw's ghost (weakling MiBe)
  2790 | D:3      | Noticed qw's ghost (amateur GrFi)
  2790 | D:3      | Noticed qw's ghost (amateur GrFi)
  2857 | D:3      | 2857 ||| Stepping ~*~*~tactically~*~*~ (stealth).
  2988 | D:3      | 2988 ||| UPGRADING to +0 pair of gloves.
  2993 | D:3      | 2993 ||| UPGRADING to +6 ring of strength.
  2994 | D:3      | 2994 ||| UPGRADING to ring of poison resistance.
  2996 | D:3      | 2996 ||| READING scroll labelled XUEH RYZUWU.
  3141 | D:3      | 3141 ||| DRINKING 3 ruby potions.
  3142 | D:3      | 3142 ||| DRINKING 2 smoky yellow potions.
  3143 | D:3      | 3143 ||| DROPPING potion of degeneration.
  3195 | D:4      | Reached skill level 8 in Axes
  3239 | D:4      | 3239 ||| Stepping ~*~*~tactically~*~*~ (stealth).
  3241 | D:4      | 3241 ||| Stepping ~*~*~tactically~*~*~ (stealth).
  3373 | D:4      | Found a staircase to the Ecumenical Temple.
  3377 | D:4      | 3377 ||| READING 3 scrolls labelled QUMECOL JIESANK.
  3408 | D:4      | 3408 ||| PLANNING TEMPLE
  3420 | D:4      | 3420 ||| DROPPING 2 scrolls of summoning.
  3428 | Temple   | Entered the Ecumenical Temple
  3497 | Temple   | Became a worshipper of Ru the Awakened
  3532 | Temple   | 3532 ||| PLANNING D:1-11
  3654 | D:4      | Found an ornate altar of the Wu Jian Council.
  3663 | D:4      | Reached XP level 7. HP: 55/59 MP: 6/6
  3693 | D:4      | 3693 ||| READING scroll of enchant weapon.
  3693 | D:4      | 3693 ||| ENCHANTING +1 war axe.
  3706 | D:4      | 3706 ||| Stepping ~*~*~tactically~*~*~ (stealth).
  3730 | D:4      | Reached skill level 9 in Axes
  3928 | D:4      | 3928 ||| Stepping ~*~*~tactically~*~*~ (stealth).
  3929 | D:4      | 3929 ||| Stepping ~*~*~tactically~*~*~ (stealth).
  3930 | D:4      | 3930 ||| Stepping ~*~*~tactically~*~*~ (stealth).
  3931 | D:4      | 3931 ||| Stepping ~*~*~tactically~*~*~ (stealth).
  3933 | D:4      | 3933 ||| Stepping ~*~*~tactically~*~*~ (stealth).
  3934 | D:4      | 3934 ||| Stepping ~*~*~tactically~*~*~ (stealth).
  3941 | D:4      | 3941 ||| Stepping ~*~*~tactically~*~*~ (stealth).
  3942 | D:4      | 3942 ||| Stepping ~*~*~tactically~*~*~ (stealth).
  3944 | D:4      | 3944 ||| Stepping ~*~*~tactically~*~*~ (stealth).
  3945 | D:4      | 3945 ||| Stepping ~*~*~tactically~*~*~ (stealth).
  3947 | D:4      | 3947 ||| Stepping ~*~*~tactically~*~*~ (stealth).
  3948 | D:4      | 3948 ||| Stepping ~*~*~tactically~*~*~ (stealth).
  3950 | D:4      | 3950 ||| Stepping ~*~*~tactically~*~*~ (stealth).
  3951 | D:4      | 3951 ||| Stepping ~*~*~tactically~*~*~ (stealth).
  3952 | D:4      | 3952 ||| Stepping ~*~*~tactically~*~*~ (stealth).
  3953 | D:4      | 3953 ||| Stepping ~*~*~tactically~*~*~ (stealth).
  3955 | D:4      | 3955 ||| Stepping ~*~*~tactically~*~*~ (stealth).
  3956 | D:4      | 3956 ||| Stepping ~*~*~tactically~*~*~ (stealth).
  3958 | D:4      | 3958 ||| Stepping ~*~*~tactically~*~*~ (stealth).
  4235 | D:4      | 4235 ||| UPGRADING to scarf of resistance.
  4240 | D:4      | 4240 ||| UPGRADING to amulet of guardian spirit.
  4245 | D:4      | 4245 ||| DRINKING 3 cyan potions.
  4246 | D:4      | 4246 ||| DRINKING 2 golden potions.
  4247 | D:4      | 4247 ||| DROPPING 2 potions of invisibility.
  4248 | D:4      | 4248 ||| DROPPING potion of attraction.
  4270 | D:5      | Entered Level 5 of the Dungeon
  4293 | D:5      | 4293 ||| Stepping ~*~*~tactically~*~*~ (stealth).
  4294 | D:5      | 4294 ||| Stepping ~*~*~tactically~*~*~ (stealth).
  4295 | D:5      | 4295 ||| Stepping ~*~*~tactically~*~*~ (stealth).
  4296 | D:5      | 4296 ||| Stepping ~*~*~tactically~*~*~ (stealth).
  4298 | D:5      | 4298 ||| Stepping ~*~*~tactically~*~*~ (stealth).
  4300 | D:5      | 4300 ||| Stepping ~*~*~tactically~*~*~ (stealth).
  4325 | D:5      | 4325 ||| Stepping ~*~*~tactically~*~*~ (stealth).
  4342 | D:5      | 4342 ||| Stepping ~*~*~tactically~*~*~ (hiding).
  4488 | D:5      | 4488 ||| FLEEEEING.
  4495 | D:5      | 4495 ||| FLEEEEING.
  4496 | D:5      | 4496 ||| FLEEEEING.
  4497 | D:5      | 4497 ||| FLEEEEING.
  4498 | D:5      | 4498 ||| FLEEEEING.
  4499 | D:5      | 4499 ||| FLEEEEING.
  4502 | D:5      | 4502 ||| FLEEEEING.
  4503 | D:5      | 4503 ||| FLEEEEING.
  4504 | D:5      | 4504 ||| FLEEEEING.
  4505 | D:5      | 4505 ||| FLEEEEING.
  4508 | D:5      | 4508 ||| FLEEEEING.
  4509 | D:5      | 4509 ||| FLEEEEING.
  4510 | D:5      | 4510 ||| FLEEEEING.
  4514 | D:5      | 4514 ||| FLEEEEING.
  4515 | D:5      | 4515 ||| FLEEEEING.
  4516 | D:5      | 4516 ||| FLEEEEING.
  4517 | D:5      | 4517 ||| FLEEEEING.
  4518 | D:5      | 4518 ||| FLEEEEING.
  4519 | D:5      | 4519 ||| FLEEEEING.
  4522 | D:5      | 4522 ||| FLEEEEING.
  4523 | D:5      | 4523 ||| FLEEEEING.
  4524 | D:5      | 4524 ||| FLEEEEING.
  4525 | D:5      | 4525 ||| FLEEEEING.
  4526 | D:5      | 4526 ||| FLEEEEING.
  4527 | D:5      | 4527 ||| FLEEEEING.
  4528 | D:5      | 4528 ||| FLEEEEING.
  4529 | D:5      | 4529 ||| FLEEEEING.
  4534 | D:5      | 4534 ||| Stepping ~*~*~tactically~*~*~ (hiding).
  4676 | D:5      | 4676 ||| Stepping ~*~*~tactically~*~*~ (stealth).
  4677 | D:5      | 4677 ||| Stepping ~*~*~tactically~*~*~ (stealth).
  5064 | D:5      | 5064 ||| READING 2 scrolls of identify.
  5064 | D:5      | 5064 ||| IDENTIFYING emerald potion
  5065 | D:5      | 5065 ||| DROPPING potion of berserk rage.
  5087 | D:6      | 5087 ||| DRINKING 3 potions of curing.
  5087 | D:6      | 5087 ||| (to cure confusion)
  5091 | D:6      | Reached skill level 10 in Axes
  5091 | D:6      | Reached XP level 8. HP: 62/68 MP: 5/7
  5145 | D:6      | 5145 ||| Stepping ~*~*~tactically~*~*~ (stealth).
  5166 | D:6      | 5166 ||| INVOKING Sacrifice Artifice.
  5166 | D:6      | Gained mutation: You cannot study or use magical devices.
                  | [Ru sacrifice]
  5166 | D:6      | Reached * piety under Ru
  5166 | D:6      | Reached ** piety under Ru
  5245 | D:6      | 5245 ||| Stepping ~*~*~tactically~*~*~ (stealth).
  5252 | D:6      | 5252 ||| Stepping ~*~*~tactically~*~*~ (stealth).
  5262 | D:6      | Found an iron altar of Okawaru.
  5323 | D:6      | 5323 ||| Stepping ~*~*~tactically~*~*~ (hiding).
  5329 | D:6      | Reached skill level 6 in Fighting
  5356 | D:6      | 5356 ||| Stepping ~*~*~tactically~*~*~ (stealth).
  5358 | D:6      | Noticed Blork the orc
  5359 | D:6      | 5359 ||| Stepping ~*~*~tactically~*~*~ (hiding).
  5379 | D:6      | Killed Blork the orc
  5380 | D:6      | 5380 ||| FLEEEEING.
  5384 | D:6      | 5384 ||| FLEEEEING.
  5386 | D:6      | 5386 ||| FLEEEEING.
  5387 | D:6      | 5387 ||| FLEEEEING.
  5388 | D:6      | 5388 ||| FLEEEEING.
  5390 | D:6      | 5390 ||| FLEEEEING.
  5392 | D:6      | 5392 ||| FLEEEEING.
  5393 | D:6      | 5393 ||| FLEEEEING.
  5399 | D:6      | 5399 ||| FLEEEEING.
  5400 | D:6      | 5400 ||| FLEEEEING.
  5401 | D:6      | 5401 ||| FLEEEEING.
  5402 | D:6      | 5402 ||| FLEEEEING.
  5403 | D:6      | 5403 ||| FLEEEEING.
  5404 | D:6      | 5404 ||| FLEEEEING.
  5405 | D:6      | 5405 ||| FLEEEEING.
  5406 | D:6      | 5406 ||| STAIRDANCE
  5525 | D:5      | 5525 ||| READING scroll labelled TED XESECLU.
  5526 | D:5      | 5526 ||| DRINKING 2 lumpy blue potions.
  5627 | D:5      | 5627 ||| DROPPING potion of ambrosia.
  5631 | D:6      | 5631 ||| STAIRDANCE
  5634 | D:5      | Reached skill level 11 in Axes
  5643 | D:6      | 5643 ||| DROPPING +0 whip.
  5953 | D:6      | 5953 ||| DROPPING amulet of faith.
  5969 | D:7      | Found a transporter.
  5983 | D:7      | 5983 ||| Stepping ~*~*~tactically~*~*~ (hiding).
  6000 | D:7      | 6000 ||| FLEEEEING.
  6001 | D:7      | 6001 ||| FLEEEEING.
  6007 | D:7      | Found a transporter.
  6009 | D:7      | 6009 ||| FLEEEEING.
  6010 | D:7      | 6010 ||| STAIRDANCE
  6105 | D:7      | 6105 ||| Stepping ~*~*~tactically~*~*~ (hiding).
  6158 | D:7      | Reached XP level 9. HP: 78/78 MP: 8/8
  6208 | D:7      | 6208 ||| Stepping ~*~*~tactically~*~*~ (stealth).
  6210 | D:7      | 6210 ||| Stepping ~*~*~tactically~*~*~ (stealth).
  6213 | D:7      | 6213 ||| Stepping ~*~*~tactically~*~*~ (stealth).
  6215 | D:7      | 6215 ||| Stepping ~*~*~tactically~*~*~ (hiding).
  6246 | D:7      | 6246 ||| Stepping ~*~*~tactically~*~*~ (stealth).
  6359 | D:7      | Reached skill level 12 in Axes
  6571 | D:7      | Found a one-way gate to the infinite horrors of the Abyss.
  6571 | D:7      | Noticed qw's ghost (novice GrBe)
  6658 | D:7      | 6658 ||| Stepping ~*~*~tactically~*~*~ (stealth).
  6661 | D:7      | 6661 ||| Stepping ~*~*~tactically~*~*~ (stealth).
  6670 | D:7      | Found a shadowy altar of Dithmenos.
  6791 | D:7      | Noticed a toenail golem
  6977 | D:7      | 6977 ||| READING scroll labelled MUYHACK EROZI.
  6978 | D:7      | 6978 ||| READING scroll labelled ISIMEAS VID.
  6979 | D:7      | 6979 ||| DRINKING 2 smoky coppery potions.
  6980 | D:7      | 6980 ||| READING 4 scrolls of identify.
  6980 | D:7      | 6980 ||| IDENTIFYING lumpy coppery potion
  6981 | D:7      | 6981 ||| READING 3 scrolls of identify.
  6981 | D:7      | 6981 ||| IDENTIFYING clear potion
  6982 | D:7      | 6982 ||| READING 2 scrolls of identify.
  6982 | D:7      | 6982 ||| IDENTIFYING coppery potion
  6983 | D:7      | 6983 ||| DROPPING potion of magic.
  6984 | D:7      | 6984 ||| DROPPING potion of flight.
  7058 | D:8      | Paralysed by a hornet for 2 turns
  7059 | D:8      | Reached skill level 6 in Armour
  7179 | D:8      | Reached skill level 13 in Axes
  7454 | D:8      | 7454 ||| Stepping ~*~*~tactically~*~*~ (stealth).
  7489 | D:8      | 7489 ||| Stepping ~*~*~tactically~*~*~ (stealth).
  7649 | D:8      | 7649 ||| Stepping ~*~*~tactically~*~*~ (stealth).
  7655 | D:8      | 7655 ||| Stepping ~*~*~tactically~*~*~ (hiding).
  7739 | D:8      | Identified the +0 leather armour "Uqip" {Will+++ Regen+
                  | Dex-4 SInv}
  8058 | D:8      | 8058 ||| Stepping ~*~*~tactically~*~*~ (hiding).
  8091 | D:8      | 8091 ||| DROPPING +6 ring of intelligence.
  8196 | D:9      | 8196 ||| Stepping ~*~*~tactically~*~*~ (stealth).
  8197 | D:9      | 8197 ||| INVOKING Sacrifice Skill.
  8197 | D:9      | Gained mutation: You are somewhat unskilled. (-1 Apt) [Ru
                  | sacrifice]
  8197 | D:9      | Reduced skill Axes to level 12
  8197 | D:9      | Reduced skill Throwing to level 1
  8197 | D:9      | Reached *** piety under Ru
  8199 | D:9      | 8199 ||| Stepping ~*~*~tactically~*~*~ (hiding).
  8204 | D:9      | Reached skill level 6 in Armour
  8237 | D:9      | 8237 ||| DROPPING +0 flail.
  8244 | D:9      | 8244 ||| Stepping ~*~*~tactically~*~*~ (hiding).
  8245 | D:9      | 8245 ||| Stepping ~*~*~tactically~*~*~ (hiding).
  8287 | D:9      | Found Duefull's Antique Armour Shop.
  8288 | D:9      | Noticed a seven-headed hydra
  8323 | D:9      | Reached XP level 10. HP: 84/86 MP: 9/9
  8382 | D:9      | 8382 ||| DRINKING 7 potions of curing.
  8382 | D:9      | 8382 ||| (to cure confusion)
  8515 | D:9      | 8515 ||| READING scroll of enchant armour.
  8515 | D:9      | 8515 ||| ENCHANTING +0 pair of gloves.
  8578 | D:9      | 8578 ||| Stepping ~*~*~tactically~*~*~ (stealth).
  8585 | D:9      | 8585 ||| FLEEEEING.
  8624 | D:9      | 8624 ||| FLEEEEING.
  8633 | D:9      | 8633 ||| STAIRDANCE
  8691 | D:8      | 8691 ||| READING 2 scrolls of identify.
  8691 | D:8      | 8691 ||| IDENTIFYING fuming ruby potion
  8692 | D:8      | 8692 ||| DROPPING potion of lignification.
  8704 | D:9      | 8704 ||| FLEEEEING.
  8713 | D:9      | 8713 ||| STAIRDANCE
  8797 | D:9      | 8797 ||| FLEEEEING.
  8842 | D:9      | 8842 ||| FLEEEEING.
  8851 | D:9      | 8851 ||| STAIRDANCE
  8901 | D:9      | 8901 ||| FLEEEEING.
  8953 | D:9      | 8953 ||| FLEEEEING.
  8962 | D:9      | 8962 ||| STAIRDANCE
  9050 | D:9      | 9050 ||| FLEEEEING.
  9059 | D:9      | 9059 ||| STAIRDANCE
  9140 | D:9      | 9140 ||| FLEEEEING.
  9149 | D:9      | 9149 ||| STAIRDANCE
  9198 | D:9      | 9198 ||| FLEEEEING.
  9207 | D:9      | 9207 ||| STAIRDANCE
  9272 | D:9      | 9272 ||| FLEEEEING.
  9281 | D:9      | 9281 ||| STAIRDANCE
  9337 | D:9      | 9337 ||| FLEEEEING.
  9346 | D:9      | 9346 ||| STAIRDANCE
  9415 | D:9      | 9415 ||| FLEEEEING.
  9424 | D:9      | 9424 ||| STAIRDANCE
  9511 | D:9      | 9511 ||| FLEEEEING.
  9520 | D:9      | 9520 ||| STAIRDANCE
  9594 | D:9      | 9594 ||| FLEEEEING.
  9603 | D:9      | 9603 ||| STAIRDANCE
  9688 | D:9      | 9688 ||| FLEEEEING.
  9689 | D:9      | 9689 ||| FLEEEEING.
  9698 | D:9      | 9698 ||| STAIRDANCE
  9775 | D:9      | 9775 ||| FLEEEEING.
  9824 | D:9      | 9824 ||| FLEEEEING.
  9867 | D:9      | 9867 ||| FLEEEEING.
  9876 | D:9      | 9876 ||| STAIRDANCE
  9924 | D:9      | 9924 ||| FLEEEEING.
  9933 | D:9      | 9933 ||| STAIRDANCE
 10021 | D:9      | 10021 ||| FLEEEEING.
 10030 | D:9      | 10030 ||| STAIRDANCE
 10079 | D:9      | 10079 ||| FLEEEEING.
 10088 | D:9      | 10088 ||| STAIRDANCE
 10145 | D:9      | 10145 ||| FLEEEEING.
 10154 | D:9      | 10154 ||| STAIRDANCE
 10274 | D:9      | 10274 ||| FLEEEEING.
 10283 | D:9      | 10283 ||| STAIRDANCE
 10361 | D:9      | 10361 ||| FLEEEEING.
 10370 | D:9      | 10370 ||| STAIRDANCE
 10476 | D:9      | 10476 ||| FLEEEEING.
 10477 | D:9      | 10477 ||| FLEEEEING.
 10587 | D:9      | 10587 ||| FLEEEEING.
 10633 | D:9      | 10633 ||| FLEEEEING.
 10669 | D:9      | 10669 ||| FLEEEEING.
 10777 | D:9      | 10777 ||| FLEEEEING.
 10839 | D:9      | 10839 ||| FLEEEEING.
 10907 | D:9      | 10907 ||| FLEEEEING.
 10908 | D:9      | 10908 ||| FLEEEEING.
 11022 | D:9      | 11022 ||| FLEEEEING.
 11023 | D:9      | 11023 ||| FLEEEEING.
 11024 | D:9      | 11024 ||| FLEEEEING.
 11125 | D:9      | 11125 ||| FLEEEEING.
 11126 | D:9      | 11126 ||| FLEEEEING.
 11228 | D:9      | 11228 ||| FLEEEEING.
 11229 | D:9      | 11229 ||| FLEEEEING.
 11338 | D:9      | 11338 ||| FLEEEEING.
 11339 | D:9      | 11339 ||| FLEEEEING.
 11340 | D:9      | 11340 ||| FLEEEEING.
 11419 | D:9      | 11419 ||| FLEEEEING.
 11420 | D:9      | 11420 ||| FLEEEEING.
 11421 | D:9      | 11421 ||| FLEEEEING.
 11422 | D:9      | 11422 ||| FLEEEEING.
 11618 | D:9      | 11618 ||| FLEEEEING.
 11661 | D:9      | 11661 ||| FLEEEEING.
 11662 | D:9      | 11662 ||| FLEEEEING.
 11806 | D:9      | 11806 ||| Stepping ~*~*~tactically~*~*~ (stealth).
 11817 | D:9      | 11817 ||| FLEEEEING.
 11906 | D:9      | 11906 ||| FLEEEEING.
 11907 | D:9      | 11907 ||| FLEEEEING.
 12036 | D:9      | 12036 ||| FLEEEEING.
 12078 | D:9      | 12078 ||| FLEEEEING.
 12079 | D:9      | 12079 ||| FLEEEEING.
 12080 | D:9      | 12080 ||| FLEEEEING.
 12310 | D:9      | 12310 ||| Stepping ~*~*~tactically~*~*~ (stealth).
 12333 | D:9      | 12333 ||| FLEEEEING.
 12334 | D:9      | 12334 ||| FLEEEEING.
 12434 | D:9      | 12434 ||| FLEEEEING.
 12435 | D:9      | 12435 ||| FLEEEEING.
 12493 | D:9      | 12493 ||| FLEEEEING.
 12543 | D:9      | 12543 ||| FLEEEEING.
 12607 | D:9      | 12607 ||| FLEEEEING.
 12732 | D:9      | 12732 ||| FLEEEEING.
 12733 | D:9      | 12733 ||| FLEEEEING.
 12734 | D:9      | 12734 ||| FLEEEEING.
 12735 | D:9      | 12735 ||| FLEEEEING.
 12905 | D:9      | 12905 ||| FLEEEEING.
 12906 | D:9      | 12906 ||| FLEEEEING.
 12907 | D:9      | 12907 ||| FLEEEEING.
 13054 | D:9      | 13054 ||| FLEEEEING.
 13055 | D:9      | 13055 ||| FLEEEEING.
 13132 | D:9      | 13132 ||| FLEEEEING.
 13185 | D:9      | 13185 ||| FLEEEEING.
 13252 | D:9      | 13252 ||| FLEEEEING.
 13300 | D:9      | 13300 ||| FLEEEEING.
 13364 | D:9      | 13364 ||| FLEEEEING.
 13439 | D:9      | 13439 ||| FLEEEEING.
 13525 | D:9      | 13525 ||| FLEEEEING.
 13526 | D:9      | 13526 ||| FLEEEEING.
 13527 | D:9      | 13527 ||| FLEEEEING.
 13600 | D:9      | 13600 ||| FLEEEEING.
 13702 | D:9      | 13702 ||| FLEEEEING.
 13703 | D:9      | 13703 ||| FLEEEEING.
 13704 | D:9      | 13704 ||| FLEEEEING.
 13705 | D:9      | 13705 ||| FLEEEEING.
 13820 | D:9      | 13820 ||| FLEEEEING.
 13873 | D:9      | 13873 ||| FLEEEEING.
 13952 | D:9      | 13952 ||| Stepping ~*~*~tactically~*~*~ (stealth).
 13954 | D:9      | 13954 ||| FLEEEEING.
 14028 | D:9      | 14028 ||| FLEEEEING.
 14075 | D:9      | 14075 ||| FLEEEEING.
 14131 | D:9      | 14131 ||| FLEEEEING.
 14200 | D:9      | 14200 ||| FLEEEEING.
 14201 | D:9      | 14201 ||| FLEEEEING.
 14306 | D:9      | 14306 ||| FLEEEEING.
 14307 | D:9      | 14307 ||| FLEEEEING.
 14308 | D:9      | 14308 ||| FLEEEEING.
 14418 | D:9      | 14418 ||| FLEEEEING.
 14481 | D:9      | 14481 ||| FLEEEEING.
 14546 | D:9      | 14546 ||| FLEEEEING.
 14600 | D:9      | 14600 ||| FLEEEEING.
 14601 | D:9      | 14601 ||| FLEEEEING.
 14660 | D:9      | 14660 ||| FLEEEEING.
 14722 | D:9      | 14722 ||| FLEEEEING.
 14723 | D:9      | 14723 ||| FLEEEEING.
 14802 | D:9      | 14802 ||| FLEEEEING.
 14843 | D:9      | 14843 ||| FLEEEEING.
 14898 | D:9      | 14898 ||| FLEEEEING.
 14969 | D:9      | 14969 ||| FLEEEEING.
 14970 | D:9      | 14970 ||| FLEEEEING.
 15031 | D:9      | 15031 ||| FLEEEEING.
 15032 | D:9      | 15032 ||| FLEEEEING.
 15089 | D:9      | 15089 ||| FLEEEEING.
 15194 | D:9      | 15194 ||| FLEEEEING.
 15336 | D:9      | 15336 ||| FLEEEEING.
 15337 | D:9      | 15337 ||| FLEEEEING.
 15338 | D:9      | 15338 ||| FLEEEEING.
 15339 | D:9      | 15339 ||| FLEEEEING.
 15340 | D:9      | 15340 ||| FLEEEEING.
 15529 | D:9      | Found an opulent altar of Gozag.
 15529 | D:9      | Found a shimmering blue altar of Sif Muna.
 15714 | D:9      | Reached skill level 13 in Axes
 15739 | D:9      | 15739 ||| FLEEEEING.
 15740 | D:9      | 15740 ||| FLEEEEING.
 15970 | D:9      | 15970 ||| FLEEEEING.
 15971 | D:9      | 15971 ||| FLEEEEING.
 15972 | D:9      | 15972 ||| FLEEEEING.
 15973 | D:9      | 15973 ||| FLEEEEING.
 15974 | D:9      | 15974 ||| FLEEEEING.
 15975 | D:9      | 15975 ||| FLEEEEING.
 15976 | D:9      | 15976 ||| FLEEEEING.
 16141 | D:9      | 16141 ||| FLEEEEING.
 16188 | D:9      | 16188 ||| Stepping ~*~*~tactically~*~*~ (stealth).
 16191 | D:9      | 16191 ||| FLEEEEING.
 16231 | D:9      | 16231 ||| FLEEEEING.
 16365 | D:9      | 16365 ||| FLEEEEING.
 16366 | D:9      | 16366 ||| FLEEEEING.
 16367 | D:9      | 16367 ||| FLEEEEING.
 16534 | D:9      | 16534 ||| UPGRADING to +4 ring of slaying {mikee}.
 16536 | D:9      | 16536 ||| DROPPING ring of ice.
 16600 | D:10     | Entered Level 10 of the Dungeon
 16644 | D:10     | Noticed Erolcha
 16645 | D:10     | 16645 ||| Stepping ~*~*~tactically~*~*~ (hiding).
 16646 | D:10     | 16646 ||| Stepping ~*~*~tactically~*~*~ (hiding).
 16648 | D:10     | 16648 ||| Stepping ~*~*~tactically~*~*~ (hiding).
 16652 | Abyss:2  | Cast into level 2 of the Abyss (Erolcha)
 16683 | D:10     | Escaped the Abyss
 16684 | D:10     | 16684 ||| Stepping ~*~*~tactically~*~*~ (hiding).
 16685 | D:10     | 16685 ||| Stepping ~*~*~tactically~*~*~ (hiding).
 16688 | D:10     | Noticed a two-headed ogre
 16698 | D:10     | Killed a two-headed ogre
 16702 | D:10     | HP: 16/90 [something (19)]
 16709 | D:10     | Killed Erolcha
 17139 | D:10     | Found a transporter.
 17139 | D:10     | Found a transporter.
 17141 | D:10     | Found a transporter.
 17221 | D:10     | Found a blossoming altar of Fedhas.
 17225 | D:10     | 17225 ||| Stepping ~*~*~tactically~*~*~ (hiding).
 17416 | D:10     | Reached skill level 14 in Axes
 17556 | D:10     | Found a staircase to the Lair.
 17559 | D:10     | 17559 ||| FLEEEEING.
 17560 | D:10     | 17560 ||| FLEEEEING.
 17609 | D:10     | 17609 ||| FLEEEEING.
 17610 | D:10     | 17610 ||| FLEEEEING.
 17611 | D:10     | 17611 ||| FLEEEEING.
 17612 | D:10     | 17612 ||| FLEEEEING.
 17613 | D:10     | 17613 ||| FLEEEEING.
 17614 | D:10     | 17614 ||| FLEEEEING.
 17615 | D:10     | 17615 ||| FLEEEEING.
 17616 | D:10     | 17616 ||| FLEEEEING.
 17734 | D:10     | 17734 ||| FLEEEEING.
 17735 | D:10     | 17735 ||| FLEEEEING.
 17736 | D:10     | 17736 ||| FLEEEEING.
 17737 | D:10     | 17737 ||| FLEEEEING.
 17738 | D:10     | 17738 ||| FLEEEEING.
 17739 | D:10     | 17739 ||| FLEEEEING.
 17780 | D:10     | 17780 ||| FLEEEEING.
 17784 | D:10     | 17784 ||| FLEEEEING.
 17785 | D:10     | 17785 ||| FLEEEEING.
 17786 | D:10     | 17786 ||| FLEEEEING.
 17787 | D:10     | 17787 ||| FLEEEEING.
 17788 | D:10     | 17788 ||| FLEEEEING.
 17789 | D:10     | 17789 ||| FLEEEEING.
 17790 | D:10     | 17790 ||| FLEEEEING.
 18227 | D:10     | Found a transporter.
 18461 | D:10     | 18461 ||| READING scroll labelled EJEP MEABE.
 18562 | D:10     | 18562 ||| READING scroll labelled HESAKH QUTOJA.
 18563 | D:10     | 18563 ||| READING scroll labelled TYIMOF MA JUOS.
 18564 | D:10     | 18564 ||| READING scroll labelled ADAHONL URED.
 18572 | D:9      | 18572 ||| SWAPPING to +0 flail of protection.
 18578 | D:9      | Killed a seven-headed hydra
 18579 | D:9      | Reached XP level 11. HP: 33/95 MP: 3/10
 18579 | D:9      | 18579 ||| SWAPPING to +2 war axe of chaos.
 18828 | D:9      | 18828 ||| BUYING glowing hat (231 gold).
 18828 | D:9      | Bought a glowing hat for 231 gold pieces
 18828 | D:9      | 18828 ||| PLANNING LAIR
 18828 | D:9      | 18828 ||| DROPPING +0 hat of intelligence.
 18888 | Lair:1   | Entered Level 1 of the Lair of Beasts
 18893 | Lair:1   | 18893 ||| Stepping ~*~*~tactically~*~*~ (stealth).
 18895 | Lair:1   | 18895 ||| Stepping ~*~*~tactically~*~*~ (stealth).
 18897 | Lair:1   | 18897 ||| Stepping ~*~*~tactically~*~*~ (stealth).
 18898 | Lair:1   | 18898 ||| Stepping ~*~*~tactically~*~*~ (stealth).
 18938 | Lair:1   | 18938 ||| Stepping ~*~*~tactically~*~*~ (stealth).
 18947 | Lair:1   | 18947 ||| Stepping ~*~*~tactically~*~*~ (stealth).
 18956 | Lair:1   | Reached skill level 15 in Axes
 19015 | Lair:1   | 19015 ||| Stepping ~*~*~tactically~*~*~ (stealth).
 19204 | Lair:1   | Reached skill level 9 in Fighting
 19563 | Lair:1   | Noticed Urug
 19565 | Lair:1   | Noticed an eight-headed hydra
 19569 | Lair:1   | Reached skill level 16 in Axes
 19569 | Lair:1   | 19569 ||| SWAPPING to +0 flail of protection.
 19571 | Lair:1   | 19571 ||| Stepping ~*~*~tactically~*~*~ (outnumbered).
 19573 | Lair:1   | 19573 ||| Stepping ~*~*~tactically~*~*~ (outnumbered).
 19574 | Lair:1   | 19574 ||| Stepping ~*~*~tactically~*~*~ (outnumbered).
 19575 | Lair:1   | 19575 ||| Stepping ~*~*~tactically~*~*~ (outnumbered).
 19576 | Lair:1   | 19576 ||| Stepping ~*~*~tactically~*~*~ (outnumbered).
 19578 | Lair:1   | 19578 ||| Stepping ~*~*~tactically~*~*~ (outnumbered).
 19579 | Lair:1   | 19579 ||| Stepping ~*~*~tactically~*~*~ (outnumbered).
 19580 | Lair:1   | 19580 ||| Stepping ~*~*~tactically~*~*~ (outnumbered).
 19586 | Lair:1   | HP: 22/97 [eight-headed hydra (4)]
 19587 | Lair:1   | 19587 ||| READING 7 scrolls of teleportation.
 19587 | Lair:1   | HP: 8/97 [eight-headed hydra (6)]
 19587 | Lair:1   | Slain by an eight-headed hydra

Levels and vault maps discovered:
D:1:      dpeg_arrival_circle_labyrinth_c, layout_loops_ring,
          reono_crystal_passage
D:2:      layout_loops_ring, uniq_sigmund, uniq_robin, uniq_jessica
D:3:      layout_rooms, nicolae_ashenzari_panopticon, serial_shops,
          shop_fountains, hellmonk_ecumenical_altar_prayer_group,
          gammafunk_ghost_cemetery
D:4:      layout_loops_ring, mainiacjoe_overflow_concentric_impassable,
          minmay_temple_entry_stoned_glass, chequers_jeans, st_stairs_10
D:5:      layout_loops_ring
D:6:      layout_rooms, okawaru_altar_gauntlet_db, uniq_blork_the_orc
D:7:      layout_rooms, nicolae_dithmenos_the_darkroom,
          gammafunk_ghost_abyssal_escape
D:8:      layout_basic, corner_web_ring
D:9:      layout_roguey, mainiacjoe_overflow_divided_tiny, serial_shops,
          nicolae_take_the_stairs, grunt_decor_mini_mirrors, centaur_isle
D:10:     layout_roguey, fedhas_altar_3, erik_lair_island,
          nicolae_diode_quadrants, uniq_erolcha
Temple:   nicolae_temple_superstar
Lair:1:   layout_regular_city, beast_lair_carwin_8, uniq_urug, uniq_gastronok

Skill      XL: |  1  2  3  4  5  6  7  8  9 10 11 |
---------------+----------------------------------+-----
Axes           | 3 4 5 7 8 10 11 12 14 16 | 16.0
Dodging        | 1 2 |  2.0
Fighting       | 4 5 6 7 8 9 |  9.1
Armour         | 4 5 6 7 8 |  8.1
Shields        | 4 4 5 |  5.1
Throwing       | 2 1 |  1.9

Action                   |  1- 3 |  4- 6 |  7- 9 | 10-12 || total
-------------------------+-------+-------+-------+-------++-------
Melee: War axe           |    98 |   111 |   282 |   174 ||   665
       Headbutt          |    12 |    13 |    38 |    43 ||   106
       Flail             |       |       |       |    14 ||    14
Throw: Boomerang         |       |    19 |    35 |    38 ||    92
       Javelin           |       |       |     4 |       ||     4
Invok: Sacrifice Artific |       |       |     1 |       ||     1
       Sacrifice Skill   |       |       |     1 |       ||     1
  Use: Scroll            |     4 |     6 |     8 |     7 ||    25
       Potion            |       |     3 |     5 |     1 ||     9
 Stab: Invisible         |       |       |       |     2 ||     2
Armor: Scale mail        |    46 |    10 |       |       ||    56
       Plate armour      |       |    33 |   144 |   378 ||   555
Dodge: Dodged            |    35 |    40 |    83 |   301 ||   459
Block: Buckler           |    23 |    16 |    48 |   167 ||   254

Table legend:
 A = Non-vault XP
 B = Vault XP
 C = Vault XP percentage of total XP
 D = Non-vault monster count
 E = Vault monster count
 F = Vault count percentage of total count
                 A         B        C        D         E       F
            +---------+---------+-------+---------+---------+-------
      Total |   14918 |    2144 |  12.6 |     249 |      37 |  12.9
            +---------+---------+-------+---------+---------+-------
        D:1 |      25 |       0 |   0.0 |      15 |       0 |   0.0
        D:2 |      68 |     287 |  80.8 |      19 |      14 |  42.4
        D:3 |     124 |       7 |   5.3 |      27 |       4 |  12.9
        D:4 |     446 |      17 |   3.7 |      20 |       3 |  13.0
        D:5 |     318 |       0 |   0.0 |      17 |       0 |   0.0
        D:6 |     895 |     126 |  12.3 |      26 |       7 |  21.2
        D:7 |    1107 |       0 |   0.0 |      18 |       0 |   0.0
        D:8 |    1283 |       0 |   0.0 |      21 |       0 |   0.0
        D:9 |    2640 |       0 |   0.0 |      35 |       0 |   0.0
       D:10 |    2211 |    1591 |  41.8 |      25 |       8 |  24.2
     Lair:1 |    5801 |     116 |   2.0 |      26 |       1 |   3.7
            +---------+---------+-------+---------+---------+-------
